 Dungeon Crawl Stone Soup version 0.31-a0-187-gba352fbbf7 (webtiles) character file.

Game seed: 281982371163468646

886 qw the Skirmisher (level 7, -10/40 HPs)
             Began as a Deep Elf Hunter on June 22, 2023.
             Mangled by an ogre
             ... wielding a +0 giant spiked club
              (22 damage)
             ... on level 4 of the Dungeon.
             The game lasted 00:01:08 (2639 turns).

qw the Skirmisher (Deep Elf Hunter)                 Turns: 2639, Time: 00:01:09

Health: -10/40     AC:  6    Str: 10    XL:     7   Next: 77%
Magic:  8/8        EV:  9    Int: 14    God:
Gold:   43         SH:  0    Dex: 18    Spells: 6/6 levels left

rFire   . . .        Y - +1 shortbow (flame)
rCold   . . .        (shield currently unavailable)
rNeg    + . .        i - +0 scale mail
rPois   .            (no helmet)
rElec   .            (no cloak)
rCorr   .            (no gloves)
SInv    .            (no boots)
Will    +....        (no amulet)
Stlth   +            g - ring of willpower
HPRegen 0.26/turn    k - ring of positive energy
MPRegen 0.11/turn

%: no passive effects
@: no status effects
A: low MP 1
a: no special abilities


You were on level 4 of the Dungeon.
You visited 1 branch of the dungeon, and saw 4 of its levels.

You collected 218 gold pieces.
You spent 175 gold pieces at shops.


Innate Abilities, Weirdness & Mutations

Your magical capacity is low. (-10% MP)


   Skills:
 - Level 2.7 Fighting
 + Level 11.7 Ranged Weapons
 - Level 1.1 Armour
 - Level 3.0 Dodging
 - Level 1.2 Stealth


You had 6 spell levels left.
You didn't know any spells.
Your spell library was empty.

Inventory:

Hand Weapons
 Y - a +1 shortbow of flaming (weapon)
Armour
 i - a +0 scale mail (worn)
Jewellery
 b - an amulet of magic regeneration
 g - a ring of willpower (left hand)
 k - a ring of positive energy (right hand)
Scrolls
 a - a scroll of silence {unknown}
 n - 2 scrolls of identify
Potions
 d - 2 potions of mutation
 e - a potion of brilliance {unknown}
 f - a potion of berserk rage {unknown}
 j - 2 potions of curing
 m - a potion of enlightenment {unknown}

Dungeon Overview and Level Annotations

Branches:
Dungeon (4/15)
 Temple: D:4-7

Altars:
Dithmenos
Hepliaklqana
Sif Muna
Wu Jian

Shops:
D:2 !*(   D:3 !*[(


Message History

A kobold comes into view. It is wielding a +0 short sword.
You shoot an arrow. The arrow closely misses the ufetubus.
The kobold shouts!
The arrow hits the kobold but does no damage.
You shoot an arrow. The arrow closely misses the ufetubus.
You shoot an arrow. The arrow misses the ufetubus.
The ufetubus hits you. x2
The ufetubus hits you but does no damage.
The ufetubus barely misses you.
You shoot an arrow. The arrow closely misses the ufetubus.
The arrow hits the kobold.
The arrow burns the kobold.
You kill the kobold!
The ufetubus closely misses you. x2
The ufetubus hits you but does no damage.
The ufetubus barely misses you.
You shoot an arrow. The arrow misses the ufetubus.
The arrow barely misses the ogre.
The ufetubus closely misses you. The ufetubus hits you.
You shoot an arrow.
The arrow completely misses the ufetubus.
The arrow hits the ogre.
The arrow burns the ogre.
The ogre is lightly wounded.
The ufetubus hits you. The ufetubus barely misses you. The ufetubus hits you.
The ufetubus misses you.
You shoot an arrow.
The arrow hits the ufetubus but does no damage.
The ufetubus is almost dead.
The ufetubus hits you but does no damage.
The ufetubus hits you. x3
You shoot an arrow. The arrow hits the ufetubus!
The arrow burns the ufetubus.
You kill the ufetubus!
You shoot an arrow. The arrow completely misses the ogre.
The ogre hits you with a +0 giant spiked club!
You shoot an arrow. The arrow hits the ogre.
The arrow burns the ogre.
The ogre is moderately wounded.
The ogre closely misses you.
You shoot an arrow. The arrow barely misses the ogre.
The ogre hits you with a +0 giant spiked club!!
Ouch! That really hurt!
You die...

#### # ## ##..##
#..###.#..#### .
##.##...##...# ...##
####.#..##..#....
......##........##.#..#.
#)O@...........####.
###.....####...# #.
###..## #...# #. ##..#
##..####. . #..##
##...... ... #.##
##...... .....##.##
##..##### .........#
###....#
##..####.####...#..#


You could see an ogre.

Vanquished Creatures
  Grinder (D:4)
  Sigmund (D:4)
  A black bear (D:3)
  2 scorpions (D:4)
  A howler monkey (D:4)
  An orc priest (D:3)
  An iguana (D:4)
  Natasha (thrice) (D:3)
  7 gnolls
  4 adders
  An ufetubus (D:4)
  A worm (D:2)
  2 dart slugs
  3 orcs (D:3)
  3 bats
  8 endoplasms
  2 giant cockroaches
  6 goblins
  5 hobgoblins
  9 kobolds
  A quokka (D:4)
  4 ball pythons
  6 frilled lizards
  4 rats
77 creatures vanquished.

Notes
Turn   | Place    | Note
-------+----------+-------------------------------------------
     0 | D:1      | qw the Deep Elf Hunter began the quest for the Orb.
     0 | D:1      | Reached XP level 1. HP: 12/12 MP: 3/3
     0 | D:1      | 0 ||| qw: Version: 0.3-a-9-g12657ce
     0 | D:1      | 0 ||| qw: Game counter: 2309
     0 | D:1      | 0 ||| qw: Always use a shield: true
     0 | D:1      | 0 ||| qw: God list: Okawaru
     0 | D:1      | 0 ||| qw: Allow faded altars: false
     0 | D:1      | 0 ||| qw: Do Orc after D:15 true
     0 | D:1      | 0 ||| qw: Do second Lair branch before Depths: true
     0 | D:1      | 0 ||| qw: Lair rune preference: random
     0 | D:1      | 0 ||| qw: Plans: Normal
     0 | D:1      | 0 ||| PLANNING D:1-11
     9 | D:1      | 9 ||| DROPPING scroll of butterflies.
    63 | D:1      | Reached XP level 2. HP: 16/16 MP: 4/4
    68 | D:1      | Reached skill level 6 in Ranged Weapons
    76 | D:1      | 76 ||| FLEEEEING.
   459 | D:1      | 459 ||| UPGRADING to ring of willpower.
   460 | D:1      | 460 ||| READING scroll labelled ZOMYEW HI ATAOS.
   461 | D:1      | 461 ||| READING scroll labelled CIGU IDONADD.
   486 | D:2      | Found Zynydu's Assorted Antiques.
   491 | D:2      | Reached XP level 3. HP: 20/20 MP: 5/5
   516 | D:2      | 516 ||| BUYING amethyst potion (24 gold).
   516 | D:2      | Bought an amethyst potion for 24 gold pieces
   516 | D:2      | 516 ||| BUYING fuming red potion (24 gold).
   516 | D:2      | Bought a fuming red potion for 24 gold pieces
   516 | D:2      | 516 ||| SHOPLISTING golden potion (24 gold, have 12).
   516 | D:2      | 516 ||| SHOPLISTING notched glass ring (135 gold, have 12).
   516 | D:2      | 516 ||| SHOPLISTING scroll labelled NIUFUEFACIO (27 gold,
                  | have 12).
   516 | D:2      | 516 ||| SHOPLISTING scroll labelled XUIL LOAPRACARI (27
                  | gold, have 12).
   516 | D:2      | 516 ||| SHOPLISTING scroll labelled YJOQAY JOPLISK (27
                  | gold, have 12).
   516 | D:2      | 516 ||| SHOPLISTING scroll labelled ZIEM TAUCION (27 gold,
                  | have 12).
   516 | D:2      | 516 ||| SHOPLISTING scroll of identify (54 gold, have 12).
   522 | D:2      | Reached skill level 7 in Ranged Weapons
   575 | D:2      | 575 ||| FLEEEEING.
   658 | D:2      | Reached XP level 4. HP: 25/25 MP: 6/6
   671 | D:2      | HP: 4/25 [gnoll/+0 whip (5)]
   676 | D:2      | Reached skill level 8 in Ranged Weapons
   765 | D:2      | Found Itsiv's Distillery.
   775 | D:2      | 775 ||| SHOPLISTING potion of cancellation (96 gold, have
                  | 27).
   775 | D:2      | 775 ||| SHOPLISTING potion of curing (36 gold, have 27).
   775 | D:2      | 775 ||| SHOPLISTING potion of heal wounds (60 gold, have
                  | 27).
   775 | D:2      | 775 ||| SHOPLISTING potion of resistance (120 gold, have
                  | 27).
   823 | D:2      | Found Xuuna's Weapon Shop.
   831 | D:2      | 831 ||| SHOPLISTING +3 sling of freezing (236 gold, have
                  | 27).
   855 | D:2      | Found a faded altar of an unknown god.
   913 | D:2      | Found an ornate altar of the Wu Jian Council.
   983 | D:2      | 983 ||| READING scroll labelled ROSYOG FINTAMP.
   984 | D:2      | 984 ||| READING scroll labelled SOFUIMATU.
   985 | D:2      | 985 ||| READING scroll labelled YJOQAY JOPLISK.
   986 | D:2      | 986 ||| READING scroll labelled NIUFUEFACIO.
   987 | D:2      | 987 ||| READING scroll labelled HEVAAM ZONEY.
   990 | D:2      | 990 ||| DRINKING 2 bubbling coppery potions.
   990 | D:2      | Gained mutation: Your magical capacity is low. (-10% MP)
                  | [potion of mutation]
  1045 | D:3      | Found a shimmering blue altar of Sif Muna.
  1052 | D:3      | Noticed Natasha
  1054 | D:3      | Killed Natasha
  1058 | D:3      | Found a hazy altar of Hepliaklqana.
  1058 | D:3      | Found a shadowy altar of Dithmenos.
  1101 | D:3      | Noticed Natasha
  1105 | D:3      | Killed Natasha
  1105 | D:3      | Noticed Natasha
  1106 | D:3      | Reached XP level 5. HP: 25/29 MP: 6/6
  1112 | D:3      | Killed Natasha
  1191 | D:3      | Reached skill level 9 in Ranged Weapons
  1216 | D:3      | HP: 7/29 [gnoll/+0 whip (3)]
  1218 | D:3      | HP: 3/29 [gnoll/+0 whip (2)]
  1354 | D:3      | Found Vosoch's Distillery.
  1356 | D:3      | Reached skill level 3 in Dodging
  1359 | D:3      | 1359 ||| BUYING potion of curing (30 gold).
  1359 | D:3      | Bought a potion of curing for 30 gold pieces
  1359 | D:3      | 1359 ||| BUYING potion of curing (30 gold).
  1359 | D:3      | Bought a potion of curing for 30 gold pieces
  1359 | D:3      | 1359 ||| SHOPLISTING potion of haste (100 gold, have 43).
  1447 | D:3      | Found Zerhol's Assorted Antiques.
  1459 | D:3      | 1459 ||| BUYING 2 murky red potions (45 gold).
  1459 | D:3      | Bought 2 murky red potions for 45 gold pieces
  1459 | D:3      | 1459 ||| SHOPLISTING 2 pink potions (45 gold, have 27).
  1459 | D:3      | 1459 ||| SHOPLISTING 3 scrolls labelled YZEAPR YFRUST (75
                  | gold, have 27).
  1459 | D:3      | 1459 ||| BUYING fuming red potion (22 gold).
  1459 | D:3      | Bought a fuming red potion for 22 gold pieces
  1639 | D:3      | Noticed a black bear
  1650 | D:3      | HP: 3/30 [black bear (6)]
  1651 | D:3      | Killed a black bear
  1652 | D:3      | Reached XP level 6. HP: 5/36 MP: 7/7
  1791 | D:3      | Found Matigih's Weapon Boutique.
  1798 | D:3      | 1798 ||| SHOPLISTING +5 sling of Legie {drain, Str+5 Dex+2}
                  | (642 gold, have 5).
  1828 | D:3      | Found Nagevoum's Armour Boutique.
  1829 | D:3      | 1829 ||| Stepping ~*~*~tactically~*~*~ (outnumbered).
  1831 | D:3      | 1831 ||| Stepping ~*~*~tactically~*~*~ (outnumbered).
  1836 | D:3      | 1836 ||| FLEEEEING.
  1844 | D:3      | HP: 7/36 [orc/+0 hand axe (6)]
  1964 | D:3      | 1964 ||| SHOPLISTING +0 ring mail (56 gold, have 5).
  1964 | D:3      | 1964 ||| SHOPLISTING +2 ratskin cloak {*Rats rPois rN+
                  | Str-1 Int-1 Dex+1} (389 gold, have 5).
  2108 | D:3      | 2108 ||| UPGRADING to +0 scale mail.
  2118 | D:3      | 2118 ||| DROPPING +0 leather armour.
  2119 | D:3      | 2119 ||| UPGRADING to ring of positive energy.
  2120 | D:3      | 2120 ||| READING scroll labelled YDGHEP WEELO.
  2121 | D:3      | 2121 ||| READING scroll labelled IDOITO ODATITS.
  2122 | D:3      | 2122 ||| READING scroll labelled ERYM CYIZAA.
  2123 | D:3      | 2123 ||| DRINKING 2 fuming red potions.
  2124 | D:3      | 2124 ||| DRINKING 2 murky red potions.
  2164 | D:3      | 2164 ||| READING 2 scrolls of identify.
  2164 | D:3      | 2164 ||| IDENTIFYING orange potion
  2165 | D:3      | 2165 ||| DROPPING potion of degeneration.
  2166 | D:3      | 2166 ||| DROPPING potion of invisibility.
  2167 | D:3      | 2167 ||| DROPPING potion of lignification.
  2205 | D:4      | Reached skill level 1 in Armour
  2367 | D:4      | Noticed Sigmund
  2371 | D:4      | Killed Sigmund
  2372 | D:4      | Reached skill level 10 in Ranged Weapons
  2372 | D:4      | Reached XP level 7. HP: 40/40 MP: 8/8
  2458 | D:4      | Noticed Grinder
  2470 | D:4      | Killed Grinder
  2471 | D:4      | Reached skill level 11 in Ranged Weapons
  2639 | D:4      | Mangled by an ogre

Levels and vault maps discovered:
D:1:      evilmike_arrival_come_back, layout_rooms
D:2:      layout_rooms, serial_shops, shop, nicolae_shop_crystal,
          nicolae_shop_tiny_waterfront, hellmonk_ecumenical_altar_leap_of_faith,
          basic_altar, minmay_misc_feat_four_crosses,
          chequers_serial_rivers_large_a
D:3:      layout_basic, minitemple, serial_shops, shop, nicolae_lakefront_shop,
          shop, shop, dreamdust_wishing_well, minmay_misc_feat_rows,
          skrybe_limestone_x, uniq_natasha
D:4:      layout_layer_cave, mainiacjoe_overflow_small_starburst,
          ebering_ghost_sewer_f, uniq_sigmund, uniq_grinder

Skill      XL: |  1  2  3  4  5  6  7 |
---------------+----------------------+-----
Ranged Weapons | 6 7 8 9 10 11 | 11.7
Dodging        | 3 |  3.0
Fighting       | 2 |  2.7
Armour         | 1 |  1.1
Stealth        | |  1.2

Action                     |  1- 3 |  4- 6 |  7- 9 || total
---------------------------+-------+-------+-------++-------
   Fire: Shortbow          |    97 |   122 |    36 ||   255
    Use: Scroll            |     2 |     9 |       ||    11
         Potion            |       |     3 |       ||     3
 Armour: Leather armour    |     6 |    10 |       ||    16
         Scale mail        |       |     1 |     7 ||     8
  Dodge: Dodged            |    17 |    25 |     8 ||    50

Table legend:
 A = Non-vault XP
 B = Vault XP
 C = Vault XP percentage of total XP
 D = Non-vault monster count
 E = Vault monster count
 F = Vault count percentage of total count
                 A         B        C        D         E       F
            +---------+---------+-------+---------+---------+-------
      Total |     764 |     503 |  39.7 |      74 |       3 |   3.9
            +---------+---------+-------+---------+---------+-------
        D:1 |      29 |       0 |   0.0 |      18 |       0 |   0.0
        D:2 |     128 |       0 |   0.0 |      22 |       0 |   0.0
        D:3 |     318 |      35 |   9.9 |      19 |       1 |   5.0
        D:4 |     289 |     468 |  61.8 |      15 |       2 |  11.8
            +---------+---------+-------+---------+---------+-------
